 Dungeon Crawl Stone Soup version 0.20.0-8-g6b59dc7 (webtiles) character file.

869 vatarom the Zephyrmancer (level 8, 0/41 HPs)
             Began as a Tengu Air Elementalist on June 2, 2017.
             Slain by a worker ant (7 damage)
             ... on level 6 of the Dungeon.
             The game lasted 00:14:38 (7469 turns).

vatarom the Zephyrmancer (Tengu Air Elementalist)   Turns: 7469, Time: 00:14:39

Health: 0/41       AC:  3    Str: 15    XL:     8   Next: 3%
Magic:  1/14       EV: 12    Int: 17    God:
Gold:   380        SH:  0    Dex: 14    Spells: 3/13 levels left

rFire    . . .     SeeInvis +   f - +2 quarterstaff (protect)
rCold    + . .     Gourm    .   (shield currently unavailable)
rNeg     . . .     Faith    .   a - +1 robe
rPois    .         Spirit   .   (helmet restricted)
rElec    .         Reflect  .   (no cloak)
rCorr    .         Harm     .   (no gloves)
MR       .....                  (boots unavailable)
Stlth    ++........             (no amulet)
Regen    0.2/turn               k - ring of see invisible
MPRegen  0.2/turn               s - ring of protection from cold

@: mighty, lethally poisoned (0 -> -15), very slightly contaminated
A: beak, talons 3, able to fly 1
a: Fly


You were on level 6 of the Dungeon.
You were very hungry.

You visited 1 branch of the dungeon, and saw 6 of its levels.

You collected 380 gold pieces.

Inventory:

Hand Weapons
 f - a +2 quarterstaff of protection (weapon)
Armour
 a - a +1 robe (worn)
Jewellery
 e - an uncursed ring of protection from magic
 k - a ring of see invisible (left hand)
 s - a ring of protection from cold (right hand)
Wands
 q - a wand of lightning (5/15)
Scrolls
 c - 4 scrolls of identify
 i - 2 scrolls of remove curse
 j - 3 scrolls of immolation
 l - a scroll of fear
 m - 2 scrolls of amnesia
 r - a scroll of teleportation
Potions
 o - a potion of invisibility
Books
 b - a book of Air

   Spells                             Type                      Level
   a - Shock                          Conjuration/Air              1
   b - Swiftness                      Charms/Air                   2
   c - Static Discharge               Conjuration/Air              3
   d - Airstrike                      Air                          4
   e - Lightning Bolt                 Conjuration/Air              5
 n - a book of Cantrips

   Spells                             Type                      Level
   a - Confusing Touch                Hexes                        1
   b - Animate Skeleton               Necromancy                   1
   c - Summon Small Mammal            Summoning                    1
   d - Apportation                    Translocation                1
Comestibles
 h - a meat ration
 p - a royal jelly


   Skills:
 - Level 2.1 Dodging
 - Level 2.0 Stealth
 * Level 3.4 Spellcasting
 + Level 8.0 Conjurations
 + Level 8.2 Air Magic


You had 3 spell levels left.
You knew the following spells:

 Your Spells              Type           Power        Failure   Level  Hunger
a - Shock                 Conj/Air       ####         1%          1    None
b - Swiftness             Chrm/Air       ###.....     4%          2    ##.....
c - Static Discharge      Conj/Air       ####....     1%          3    ###....
d - Airstrike             Air            ####......   5%          4    ####...


Dungeon Overview and Level Annotations

Branches:
Dungeon (6/15)
 Temple: D:4-7

Altars:
Kikubaaqudgha
Trog
Vehumet

Annotations:
D:2 1 runed door
D:6 Prince Ribbit; ThereIsNoGod's ghost, novice GrFi


Innate Abilities, Weirdness & Mutations

You have a beak for a mouth.
You have claws for feet.
You can fly.


Message History

You feel much better. The worker ant bites you.
You are feeling very hungry.
You closely miss the worker ant.
The worker ant is almost dead.
You feel sick. The worker ant bites you.
You are more poisoned.
The worker ant poisons you!
You closely miss the worker ant. Your kick misses the worker ant.
The worker ant is almost dead.
You feel sick. The worker ant closely misses you. The worker ant bites you.
You are lethally poisoned!
The worker ant poisons you!
You feel sick.
You feel sick.
You feel very mighty all of a sudden.
* * * LOW HITPOINT WARNING * * *
You feel sick. The worker ant bites you.
* * * LOW HITPOINT WARNING * * *
The worker ant bites you!
You die... ###### ###### #.≈≈. ≈≈..# ################## #................. . #.################ ... ##@# #≈PPl

≈≈..# .....#.a#
###### ######
........# ##
.$.............
#.
...#...........
## ##
#........... #
..>.....#..## #
............# #
#...#####....#
≈# #


You could see a worker ant.

Vanquished Creatures
  3 ogres
  A big kobold (D:4)
  2 scorpions
  A centaur zombie (D:5)
  An orc priest (D:3)
  2 hounds
  A jelly (D:5)
  2 worker ants
  2 gnolls (D:1)
  8 adders
  A howler monkey skeleton (D:5)
  3 river rats (D:4)
  2 adder skeletons (D:4)
  3 worms
  2 dart slugs
  3 leopard geckos
  9 orcs
  9 bats
  5 giant cockroaches
  4 goblins
  6 hobgoblins
  4 jackals
  10 kobolds
  3 quokkas
  3 ball pythons
  A frilled lizard (D:2)
  A leopard gecko skeleton (D:4)
  10 rats
102 creatures vanquished.

Vanquished Creatures (others)
  5 fungi (D:6)
5 creatures vanquished.

Grand Total: 107 creatures vanquished

Notes
Turn   | Place    | Note
-------+----------+-------------------------------------------
     0 | D:1      | vatarom the Tengu Air Elementalist began the quest for the Orb.
     0 | D:1      | Reached XP level 1. HP: 10/10 MP: 4/4
   182 | D:1      | Reached XP level 2. HP: 8/15 MP: 0/6
   596 | D:1      | Reached skill level 5 in Air Magic
   596 | D:1      | Reached XP level 3. HP: 19/19 MP: 0/7
  1146 | D:1      | Learned a level 2 spell: Swiftness
  1150 | D:1      | Learned a level 3 spell: Static Discharge
  1363 | D:2      | Reached XP level 4. HP: 13/24 MP: 0/8
  2459 | D:2      | Found a runed door.
  3075 | D:3      | Gained mutation: You can fly. [Tengu growth]
  3075 | D:3      | Reached XP level 5. HP: 16/28 MP: 0/9
  3685 | D:3      | Found a bloodstained altar of Trog.
  4016 | D:4      | Noticed an ogre
  4068 | D:4      | Noticed a big kobold
  4525 | D:4      | Reached XP level 6. HP: 30/32 MP: 0/11
  4550 | D:4      | Learned a level 4 spell: Airstrike
  4763 | D:4      | Found a radiant altar of Vehumet.
  4820 | D:4      | Noticed an orc warrior
  4852 | D:4      | Reached skill level 5 in Conjurations
  5261 | D:4      | Reached XP level 7. HP: 34/36 MP: 0/12
  5726 | D:5      | Entered Level 5 of the Dungeon
  6253 | D:5      | Found an ancient bone altar of Kikubaaqudgha.
  6994 | D:6      | Noticed ThereIsNoGod's ghost (novice GrFi)
  7068 | D:6      | Noticed Prince Ribbit
  7174 | D:6      | Reached XP level 8. HP: 41/41 MP: 0/14
  7469 | D:6      | Slain by a worker ant

Skill      XL: |  1  2  3  4  5  6  7 |
---------------+----------------------+-----
Conjurations   | 2 3 4 6 8 |  8.0
Air Magic      | 5 6 7 8 |  8.2
Spellcasting   | 3 |  3.4
Dodging        | |  2.1
Stealth        | |  2.0

Action                   |  1- 3 |  4- 6 |  7- 9 || total
-------------------------+-------+-------+-------++-------
Melee: Unarmed           |     4 |     2 |       ||     6
       Peck              |     3 |     1 |     1 ||     5
       Short sword       |     2 |       |       ||     2
       Kick              |       |     1 |       ||     1
       Mace              |       |     8 |     3 ||    11
       Quarterstaff      |       |       |     9 ||     9
Throw: Stone             |     2 |       |       ||     2
 Cast: Shock             |    67 |   130 |    54 ||   251
       Static Discharge  |       |     5 |       ||     5
       Swiftness         |       |     1 |       ||     1
       Airstrike         |       |     4 |    22 ||    26
  Use: Scroll            |     3 |     6 |     3 ||    12
       Potion            |     2 |     3 |     2 ||     7
 Stab: Sleeping          |       |     1 |       ||     1
  Eat: Bread ration      |     1 |       |     1 ||     2
       Chunk             |       |     8 |     1 ||     9
       Fruit             |       |     2 |       ||     2
       Royal jelly       |       |     1 |     1 ||     2
       Meat ration       |       |     1 |       ||     1
Armor: Robe              |     5 |    10 |     3 ||    18
Dodge: Dodged            |    14 |    23 |    14 ||    51
